[Event "Sunday 14 January Rapid Engine Tour 12+1 Rounds 9 Starts 1600 ST"]
[Site "Infinity Chess"]
[Date "2018.1.14"]
[Round "3"]
[White "Satria_Ungu"]
[Black "OlivierEvan"]
[Result "1-0"]
[ECO "A06"]
[WhiteElo "2416"]
[BlackElo "2392"]
[WhiteEngine "Houdini 6"]
[BlackEngine "Houdini 6"]
[EventType "Swiss"]
[WhiteTeam ""]
[BlackTeam ""]
[PlyCount "273"]
[TimeControl "720+1"]

1. Nf3 d5 2. d4 Nf6 3. e3 e6 4. c4 c6 5. b3 c5 6. Nbd2 cxd4 7. exd4 Nc6 
8. Bb2 Bd6 9. a3 O-O 10. c5 Bf4 11. g3 Bxd2+ 12. Qxd2 Ne4 13. Qc2 f5 14. b4 Bd7 
15. Bg2 a6 16. O-O Be8 17. Rae1 f4 18. Nd2 Nxd2 19. Qxd2 Qf6 20. Ra1 Bg6 
21. Rfd1 Rae8 22. Bc3 h5 23. a4 Ne7 24. b5 f3 25. Bf1 h4 26. g4 Be4 27. h3 Ng6 
28. c6 axb5 29. cxb7 bxa4 30. Rxa4 Rb8 31. Bb4 Rxb7 32. Bxf8 Qxf8 33. Rda1 Nf4 
34. Ra8 Rb8 35. Rxb8 Qxb8 36. Qc3 Kh7 37. Rc1 Kg8 38. Qe3 e5 39. dxe5 Qxe5 
40. Rc8+ Kh7 41. Rf8 Ng6 42. Rf7 Kg8 43. Ra7 Nf4 44. Ra8+ Kh7 45. Ra5 Qf6 
46. Ra2 Qe5 47. Ra4 Kg6 48. Qe1 Kh7 49. Ra3 Qf6 50. Ra2 Qg6 51. Qc3 Qf6 
52. Qxf6 gxf6 53. Kh2 Kg6 54. Bb5 Kg5 55. Ra8 Ng6 56. Bd7 Nf4 57. Rg8+ Kh6 
58. Rd8 Kg7 59. Bc6 Kh6 60. Bb7 Kg5 61. Rg8+ Kh6 62. Rh8+ Kg5 63. Bc6 Bg6 
64. Rg8 Kh6 65. Ba4 Be4 66. Bb5 Bg6 67. Ba6 Be4 68. Rd8 Kg6 69. Bb5 Kh6 
70. Ra8 Bc2 71. Bd7 Be4 72. Rf8 Kg5 73. Bc6 Ne6 74. Rg8+ Kf4 75. Rh8 d4 
76. Ba4 Nc5 77. Bd1 Nd3 78. Kg1 Nb2 79. Bb3 d3 80. Rxh4 Ke5 81. Rh8 d2 
82. Rd8 Nd3 83. Bd1 Kf4 84. Bc2 Bg6 85. h4 Kxg4 86. Rd4+ Kh5 87. Bd1 Kh6 
88. Bxf3 Kg7 89. Bd1 Kf7 90. h5 Bf5 91. Kf1 Ne5 92. Rxd2 Kg7 93. Kg2 Nf7 
94. Kg3 Kh6 95. Bb3 Ng5 96. Bc2 Bxc2 97. Rxc2 Kxh5 98. f3 Kg6 99. f4 Ne6 
100. Rc6 Ng7 101. Kf3 Nf5 102. Rc3 Ng7 103. Ke4 Nf5 104. Rd3 Ne7 105. Rg3+ Kf7 
106. f5 Nc8 107. Rd3 Ke7 108. Kf3 Nd6 109. Kg4 Nc4 110. Kh5 Ne5 111. Ra3 Kf7 
112. Ra7+ Kf8 113. Rb7 Ke8 114. Kh6 Kf8 115. Kh7 Nd3 116. Kg6 Nc5 117. Rb6 Nd7 
118. Rxf6+ Kg8 119. Ra6 Nf8+ 120. Kh5 Kg7 121. f6+ Kf7 122. Kh6 Nd7 
123. Ra7 Kxf6 124. Rxd7 Ke6 125. Rd1 Kf5 126. Re1 Kf6 127. Kh5 Kf5 128. Re8 Kf6 
129. Kg4 Kf7 130. Re1 Kf6 131. Re2 Kg6 132. Rf2 Kh7 133. Kf5 Kh6 134. Rg2 Kh7 
135. Kf6 Kh8 136. Kf7 Kh7 137. Rh2# 1-0

[Event "Sunday 14 January Rapid Engine Tour 12+1 Rounds 9 Starts 1600 ST"]
[Site "Infinity Chess"]
[Date "2018.1.14"]
[Round "3"]
[White "ocirema"]
[Black "miguello"]
[Result "1/2-1/2"]
[ECO "B06"]
[WhiteElo "2421"]
[BlackElo "2415"]
[WhiteEngine "stockfish_18011309_x64_modern_CTG"]
[BlackEngine "stockfish_18011309_x64_modern_CTG"]
[EventType "Swiss"]
[WhiteTeam ""]
[BlackTeam ""]
[PlyCount "144"]
[TimeControl "720+1"]

1. e4 g6 2. d4 Bg7 3. Nc3 d6 4. Be3 a6 5. Qd2 b5 6. O-O-O Bb7 7. f3 Nd7 8. h4 h5 
9. Nh3 Rc8 10. Ng5 c5 11. e5 cxd4 12. e6 fxe6 13. Bxd4 e5 14. Bf2 Ngf6 
15. Bd3 Nf8 16. Rhe1 Qa5 17. Kb1 Rxc3 18. Qxc3 Qxc3 19. bxc3 Nd5 20. Ne4 Nf4 
21. Bf1 Nd7 22. c4 bxc4 23. g3 Ne6 24. Bxc4 Bxe4 25. Rxe4 Nec5 26. Ree1 Rf8 
27. Bd5 Kd8 28. Bc6 Nb8 29. Bd5 Nbd7 30. Rf1 Na4 31. Be1 Ndb6 32. Bb3 Kd7 
33. Bd2 Bf6 34. Kc1 Kc6 35. Rde1 Nc5 36. Kd1 d5 37. Ke2 Rg8 38. Kf2 Nbd7 
39. Bb4 e6 40. Re2 g5 41. hxg5 Rxg5 42. Bd2 Rg8 43. Rh1 e4 44. Rxh5 Bd4+ 
45. Kg2 exf3+ 46. Kxf3 Ne4 47. Bf4 Ndf6 48. Rh6 Kc5 49. a3 e5 50. Rxf6 Nxf6 
51. Bxe5 Ne4 52. Bf4 Rh8 53. Kg2 a5 54. Re1 Re8 55. Rh1 Nd2 56. Bxd2 Re2+ 
57. Kf3 Rf2+ 58. Kg4 Rxd2 59. Rh5 Bb2 60. a4 Kb4 61. Kf4 d4 62. Rb5+ Ka3 
63. g4 Rf2+ 64. Kg5 Bc3 65. Kh4 Bb4 66. Rd5 Rd2 67. Bc4 Rxc2 68. Rxd4 Kxa4 
69. g5 Bc3 70. Re4 Rd2 71. g6 Rd4 72. Rxd4 Bxd4 1/2-1/2

[Event "Sunday 14 January Rapid Engine Tour 12+1 Rounds 9 Starts 1600 ST"]
[Site "Infinity Chess"]
[Date "2018.1.14"]
[Round "3"]
[White "angriff"]
[Black "Thinker"]
[Result "1/2-1/2"]
[ECO "C50"]
[WhiteElo "2450"]
[BlackElo "2451"]
[WhiteEngine "SF_64BIT_POPCNT_CTG"]
[BlackEngine "BrainFish_180106_x64_modern_CTG"]
[EventType "Swiss"]
[WhiteTeam ""]
[BlackTeam ""]
[PlyCount "107"]
[TimeControl "720+1"]

1. e4 e5 2. Nf3 Nc6 3. Bc4 Bc5 4. O-O Nf6 5. d3 d6 6. c3 O-O 7. Nbd2 a6 
8. a4 Ne7 9. Re1 Ng6 10. h3 h6 11. Nf1 c6 12. Bb3 Bb6 13. Ng3 d5 14. d4 Nxe4 
15. Nxe4 dxe4 16. Nxe5 Nxe5 17. dxe5 Qxd1 18. Bxd1 Bf5 19. g4 Bh7 20. a5 Ba7 
21. Bc2 Rae8 22. Bf4 g5 23. Bg3 e3 24. Bxh7+ Kxh7 25. fxe3 Bb8 26. Kg2 Bxe5 
27. Rad1 Kg6 28. Rd7 Bxg3 29. Kxg3 f5 30. Rd6+ Kg7 31. Rd7+ Kg6 32. Rxb7 f4+ 
33. Kg2 Rxe3 34. Rxe3 fxe3 35. b3 Rf2+ 36. Kg3 Kf6 37. Rb8 Ke7 38. Rb4 Kd6 
39. Re4 Ra2 40. b4 Kd5 41. Rxe3 Rc2 42. h4 Kc4 43. Re4+ Kb3 44. Re6 Rxc3+ 
45. Kf2 gxh4 46. Rxh6 Kxb4 47. g5 Rh3 48. g6 Kb3 49. g7 Rg3 50. Rxc6 Rxg7 
51. Rxa6 Kb4 52. Kf3 Kb5 53. Rb6+ Kxa5 54. Rb1 1/2-1/2

[Event "Sunday 14 January Rapid Engine Tour 12+1 Rounds 9 Starts 1600 ST"]
[Site "Infinity Chess"]
[Date "2018.1.14"]
[Round "3"]
[White "incredible"]
[Black "Neoxium"]
[Result "1/2-1/2"]
[ECO "A40"]
[WhiteElo "2453"]
[BlackElo "2464"]
[WhiteEngine "Stockfish_x64_bmi2"]
[BlackEngine "SF SL FA-IDeA"]
[EventType "Swiss"]
[WhiteTeam ""]
[BlackTeam ""]
[PlyCount "129"]
[TimeControl "720+1"]

1. d4 e6 2. e4 d5 3. Nc3 Nf6 4. e5 Nfd7 5. f4 c5 6. Nf3 Be7 7. Be3 Nc6 8. Qd2 b6 
9. Bb5 Bb7 10. O-O O-O 11. Nd1 cxd4 12. Nxd4 Rc8 13. c3 Nc5 14. Nf2 Nxd4 
15. Bxd4 Rc7 16. Be2 Qc8 17. Bg4 h6 18. Qe3 Ba6 19. Rfd1 Re8 20. Bh5 Bf8 
21. Qg3 Ne4 22. Nxe4 dxe4 23. Qe3 Qb7 24. Re1 Bd3 25. Be2 Bc5 26. Bxd3 exd3 
27. Qxd3 Rd8 28. Rad1 Rcd7 29. Re4 b5 30. a3 a5 31. Qe3 b4 32. axb4 axb4 
33. h3 g6 34. Rf1 bxc3 35. bxc3 Bxd4 36. Rxd4 Rxd4 37. cxd4 Qd5 38. Rd1 h5 
39. Qf3 Qc4 40. Qf2 Qb5 41. Qa2 Kg7 42. f5 exf5 43. d5 Qc5+ 44. Kh2 Qb5 
45. Qd2 Qc5 46. h4 f4 47. Qxf4 Rxd5 48. Qf6+ Kg8 49. Ra1 Qf8 50. Ra7 Rd2 
51. Qc6 Rd8 52. e6 Qb4 53. exf7+ Kf8 54. Qa4 Qxa4 55. Rxa4 Kxf7 56. Rf4+ Kg7 
57. g3 Rd2+ 58. Kh3 Re2 59. Rd4 Kf6 60. g4 Ke5 61. Rb4 hxg4+ 62. Rxg4 Kf6 
63. Rg1 Rb2 64. h5 Rb3+ 65. Kh4 1/2-1/2

[Event "Sunday 14 January Rapid Engine Tour 12+1 Rounds 9 Starts 1600 ST"]
[Site "Infinity Chess"]
[Date "2018.1.14"]
[Round "3"]
[White "THE_MACHINE"]
[Black "Susanne"]
[Result "1/2-1/2"]
[ECO "B32"]
[WhiteElo "2475"]
[BlackElo "2473"]
[WhiteEngine "Houdini 6"]
[BlackEngine "asmFishW_20_bmi2_CTG"]
[EventType "Swiss"]
[WhiteTeam ""]
[BlackTeam ""]
[PlyCount "281"]
[TimeControl "720+1"]

1. e4 c5 2. Nf3 Nc6 3. d4 cxd4 4. Nxd4 e5 5. Nb5 d6 6. c4 Nf6 7. N5c3 a6 
8. Bd3 Be7 9. O-O O-O 10. Be3 Ng4 11. Bd2 Bh4 12. Be1 Nf6 13. Nd2 Bg5 14. h3 Bh6 
15. Nf3 Be6 16. Bd2 Bxd2 17. Qxd2 Qa5 18. Rfd1 Rac8 19. b3 Rfd8 20. Rac1 Ne7 
21. a4 Nc6 22. Rb1 Qb4 23. Ne1 Nd4 24. Nc2 Nxc2 25. Bxc2 Nd7 26. Bd3 g6 
27. Be2 Nf6 28. Qb2 Kg7 29. Kh2 Qb6 30. Bf3 Qb4 31. Rd3 h6 32. Qd2 Rc6 
33. Qd1 Nd7 34. Bg4 Rf8 35. Na2 Qb6 36. Bxe6 fxe6 37. f3 Qc7 38. Nb4 Rb6 
39. Nc2 a5 40. Na3 Nc5 41. Nb5 Qe7 42. Rd2 Rd8 43. Qc1 Rc6 44. Qc3 b6 
45. Rbd1 Kh7 46. Na3 g5 47. Nc2 h5 48. Ne1 Rcc8 49. Kg1 Nb7 50. Nd3 Qg7 
51. Nf2 Qe7 52. Qb2 Qg7 53. Rd3 Kg6 54. Rc3 Nc5 55. Rcc1 Qc7 56. Rc2 Rg8 
57. Qc3 Qe7 58. Nd3 Rgd8 59. Rcd2 Nb7 60. Rf2 Nc5 61. Rff1 Qf6 62. Qc2 Qe7 
63. Rfe1 Qa7 64. Kh1 Qc7 65. Qc3 Kh6 66. Rf1 Qg7 67. Rg1 Kg6 68. Rge1 Kh7 
69. Re2 Qf6 70. Kg1 Qg7 71. Qc2 Qe7 72. Ree1 Kg6 73. Qc3 Qg7 74. Re3 Qf7 
75. Re2 Qe7 76. Rf1 Qg7 77. Rd2 Qe7 78. Nf2 Kh7 79. Rb1 Kg6 80. Nd3 Nb7 
81. Rbb2 Qg7 82. Rd1 Nc5 83. Rbb1 Qc7 84. Ra1 Nxd3 85. Rxd3 Qc5+ 86. Kh2 h4 
87. Qe1 Rd7 88. Rad1 Rh8 89. Qe3 Rhd8 90. Qd2 Kf6 91. Rb1 Rc7 92. Qe1 Rf8 
93. Rb2 Rff7 94. Qd1 Rfd7 95. Rbd2 Ke7 96. Qe2 Rd8 97. Re3 Kd7 98. Rd1 Ke7 
99. Red3 Kf6 100. Re1 Rh8 101. Kh1 Rch7 102. Rd2 Rd7 103. Qd3 Kg6 104. Kh2 Rdd8 
105. Ree2 Rh5 106. Qb1 Rh6 107. Rd1 Rh7 108. Qa1 Rhh8 109. Qc3 Rh7 110. Rb2 Kf6 
111. Qd2 Qc6 112. Qe1 Rg7 113. Rd3 Qc5 114. Kh1 Rc8 115. Rf2 Rh7 116. Rfd2 Rd7 
117. Kh2 Kg6 118. Rf2 Ra8 119. Rd1 Rc8 120. Rf1 Qa3 121. Qc3 Rcd8 122. Rb1 Qb4 
123. Qxb4 axb4 124. Rbc1 Rc7 125. Rfd1 Kf6 126. Kg1 Ke7 127. Kf2 Kd7 
128. Rd2 Kc6 129. Rcd1 Rh7 130. Rc2 Rf7 131. Ke3 Rdd7 132. Rcd2 Rf8 133. Re1 Rc8 
134. Rc1 Ra7 135. Kf2 Rg7 136. Rdd1 Kd7 137. Ke2 Kc6 138. Rb1 Ra8 139. Rd2 Rga7 
140. Rc2 Re7 141. Re1 1/2-1/2

[Event "Sunday 14 January Rapid Engine Tour 12+1 Rounds 9 Starts 1600 ST"]
[Site "Infinity Chess"]
[Date "2018.1.14"]
[Round "3"]
[White "Marsell"]
[Black "xeonrocks"]
[Result "1/2-1/2"]
[ECO "C55"]
[WhiteElo "2478"]
[BlackElo "2522"]
[WhiteEngine "asmFishW_2018-01-11_popcnt"]
[BlackEngine "asmFishW_bmi2.exe_CTG"]
[EventType "Swiss"]
[WhiteTeam ""]
[BlackTeam ""]
[PlyCount "122"]
[TimeControl "720+1"]

1. e4 e5 2. Nf3 Nc6 3. Bc4 Nf6 4. d3 Bc5 5. c3 d6 6. O-O a5 7. Bg5 Ba7 
8. Nbd2 h6 9. Bh4 Qe7 10. Bb5 g5 11. Bg3 O-O 12. Nc4 Nh5 13. Bxc6 bxc6 
14. Nxa5 Nxg3 15. hxg3 Bd7 16. Qd2 f6 17. Nc4 Qh7 18. Ne3 h5 19. a4 h4 
20. g4 Bxe3 21. Qxe3 Bxg4 22. a5 Kf7 23. d4 Ke8 24. Nd2 Be6 25. f3 Qg7 
26. Rf2 Rg8 27. Nf1 g4 28. fxg4 Qxg4 29. b4 Ke7 30. Qd3 Qh5 31. Re1 Rg5 
32. Re3 Rag8 33. Ref3 exd4 34. cxd4 f5 35. Rf4 h3 36. g3 fxe4 37. Qxe4 Kd7 
38. Kh2 Bd5 39. Qd3 Qg6 40. Qxg6 R5xg6 41. Rf8 Rxf8 42. Rxf8 Re6 43. g4 Re4 
44. a6 c5 45. dxc5 Rxb4 46. cxd6 Ra4 47. g5 Kxd6 48. g6 Be6 49. g7 Rxa6 
50. g8=R Bxg8 51. Rxg8 Kd5 52. Rd8+ Ke4 53. Rh8 Kf4 54. Nd2 c6 55. Rh4+ Ke3 
56. Nc4+ Ke2 57. Nb2 c5 58. Rh8 c4 59. Nxc4 Ra1 60. Nb2 Ra2 61. Rxh3 Rxb2 
1/2-1/2

[Event "Sunday 14 January Rapid Engine Tour 12+1 Rounds 9 Starts 1600 ST"]
[Site "Infinity Chess"]
[Date "2018.1.14"]
[Round "3"]
[White "Vimtiroba"]
[Black "IronMan"]
[Result "1/2-1/2"]
[ECO "A40"]
[WhiteElo "2477"]
[BlackElo "2399"]
[WhiteEngine "Corchess 2.0_CTG"]
[BlackEngine "Stockfish SL FA PB BMI2"]
[EventType "Swiss"]
[WhiteTeam ""]
[BlackTeam ""]
[PlyCount "70"]
[TimeControl "720+1"]

1. d4 e6 2. e4 a6 3. Nf3 d5 4. Nc3 Nf6 5. Bd3 c5 6. O-O c4 7. Be2 Be7 
8. exd5 exd5 9. b3 Bb4 10. Bd2 cxb3 11. axb3 O-O 12. Ne5 Bf5 13. Na4 Bxd2 
14. Qxd2 Nbd7 15. Nxd7 Bxd7 16. Nc5 Re8 17. Bf3 b6 18. Nxd7 Qxd7 19. c4 Rad8 
20. Rfd1 a5 21. g3 Rc8 22. Rac1 g6 23. Kg2 Kg7 24. h4 h5 25. Rc2 Qf5 
26. Rdc1 Rc6 27. Qd1 Rec8 28. c5 Ne4 29. cxb6 Nxf2 30. Rxc6 Nxd1 31. Rxc8 Ne3+ 
32. Kf2 Ng4+ 33. Kg2 Ne3+ 34. Kf2 Ng4+ 35. Kg2 Ne3+ 1/2-1/2

[Event "Sunday 14 January Rapid Engine Tour 12+1 Rounds 9 Starts 1600 ST"]
[Site "Infinity Chess"]
[Date "2018.1.14"]
[Round "3"]
[White "hafaba"]
[Black "KRAKEN"]
[Result "1/2-1/2"]
[ECO "A05"]
[WhiteElo "2402"]
[BlackElo "2489"]
[WhiteEngine "Stockfish SL 07012018 POPCNT_CTG"]
[BlackEngine "Raubfisch ME262_GTZ16b2_CTG"]
[EventType "Swiss"]
[WhiteTeam ""]
[BlackTeam ""]
[PlyCount "172"]
[TimeControl "720+1"]

1. Nf3 Nf6 2. d4 d5 3. c4 e6 4. Nc3 c6 5. e3 Nbd7 6. Bd3 dxc4 7. Bxc4 b5 
8. Be2 Bb7 9. O-O Be7 10. a3 a5 11. b3 b4 12. Na4 O-O 13. axb4 axb4 14. Bb2 c5 
15. Rc1 cxd4 16. Nxd4 Rc8 17. Bf3 Rxc1 18. Qxc1 Bxf3 19. Nxf3 Qb8 20. Qc2 Rc8 
21. Qd3 Qb7 22. Rd1 Rc6 23. Qb1 Rc7 24. Nd2 Qb5 25. Bd4 h6 26. Nf3 Nd5 
27. h3 Nc3 28. Bxc3 bxc3 29. Rc1 Bf6 30. Nd4 Bxd4 31. exd4 Qb4 32. Qd3 Qxb3 
33. Rxc3 Rxc3 34. Nxc3 Nf6 35. Qe3 Kh8 36. Kh2 Qb4 37. Kg1 Qb2 38. Kh1 Qb6 
39. Qe5 Qb2 40. Qe3 Qc2 41. Qf3 Qb3 42. Kh2 Kh7 43. g3 Kh8 44. Qa8+ Kh7 
45. Qf3 Qc4 46. Ne2 Qb4 47. Kg2 Qc4 48. Kh2 Kh8 49. Kg2 Kg8 50. Qa8+ Kh7 
51. Qf3 Kh8 52. Qa8+ Kh7 53. Qf3 Nd5 54. Qe4+ Kg8 55. Nf4 Nxf4+ 56. Qxf4 Qd5+ 
57. Kg1 Qb7 58. g4 g5 59. Qf6 Qb1+ 60. Kh2 Qb8+ 61. Kg1 Qb1+ 62. Kg2 Qe4+ 
63. Kh2 Qd5 64. Qxh6 Qd6+ 65. Kg1 Qf4 66. Kg2 Qe4+ 67. Kf1 Qh1+ 68. Ke2 Qe4+ 
69. Kf1 Qd3+ 70. Kg1 Qb1+ 71. Kg2 Qb7+ 72. Kf1 Qb5+ 73. Ke1 Qb1+ 74. Kd2 Qb2+ 
75. Ke3 Qc1+ 76. Kd3 Qb1+ 77. Kc4 Qc1+ 78. Kb5 Qf4 79. h4 Qxd4 80. Qxg5+ Kh7 
81. f3 Qd3+ 82. Ka4 Qxf3 83. Qh5+ Kg8 84. Qg5+ Kh7 85. Qh5+ Kg8 86. Qg5+ Kh7 
1/2-1/2

[Event "Sunday 14 January Rapid Engine Tour 12+1 Rounds 9 Starts 1600 ST"]
[Site "Infinity Chess"]
[Date "2018.1.14"]
[Round "2"]
[White "Satria_Ungu"]
[Black "Dovahkiin"]
[Result "1-0"]
[ECO "A06"]
[WhiteElo "2399"]
[BlackElo "2414"]
[WhiteEngine "Houdini 6"]
[BlackEngine "BrainFish_180106_x64_modern_CTG"]
[EventType "Swiss"]
[WhiteTeam ""]
[BlackTeam ""]
[PlyCount "139"]
[TimeControl "720+1"]

1. Nf3 d5 2. d4 Nf6 3. e3 e6 4. c4 Be7 5. Nc3 O-O 6. a3 c5 7. cxd5 Nxd5 
8. Bd3 Nxc3 9. bxc3 Qc7 10. O-O b6 11. e4 Bb7 12. Re1 Rd8 13. Rb1 h6 14. Qe2 Nc6 
15. Bb2 Bf8 16. Rbd1 Na5 17. Ne5 Bd6 18. Ng4 Bf8 19. h4 Qe7 20. h5 Qh4 
21. g3 Qe7 22. Bb1 f6 23. e5 f5 24. Ne3 c4 25. f4 Rd5 26. Qh2 Rb5 27. Rd2 Rb3 
28. g4 fxg4 29. Qg3 Nc6 30. Rf2 Qe8 31. Qxg4 Ne7 32. Qxe6+ Kh8 33. Qxc4 Qxh5 
34. Rh2 Qf3 35. Qf7 g6 36. Qf6+ Bg7 37. Rxh6+ Kg8 38. Qe6+ Kf8 39. Rh3 Bd5 
40. Nxd5 Qxd5 41. Qg4 Rxb2 42. Be4 Qf7 43. Bxa8 Qf5 44. Qg3 Rb1 45. Rxb1 Qxb1+ 
46. Kh2 Qf5 47. Bg2 Ke8 48. Qf3 b5 49. Rh7 Kf7 50. d5 Kg8 51. Rh3 Nc8 52. d6 Nb6 
53. Qe4 Bf8 54. Qxf5 gxf5 55. Rh5 Kg7 56. Rg5+ Kh6 57. Rxf5 Bxd6 58. exd6 b4 
59. Rb5 Nd7 60. Rb7 Nf6 61. Be4 Nxe4 62. d7 Nd6 63. d8=Q Nxb7 64. Qf6+ Kh7 
65. f5 Nd6 66. Qxd6 Kg7 67. Qg6+ Kf8 68. f6 b3 69. Qg7+ Ke8 70. Qe7# 1-0

[Event "Sunday 14 January Rapid Engine Tour 12+1 Rounds 9 Starts 1600 ST"]
[Site "Infinity Chess"]
[Date "2018.1.14"]
[Round "2"]
[White "hafaba"]
[Black "ivrdurant"]
[Result "1-0"]
[ECO "D30"]
[WhiteElo "2384"]
[BlackElo "2429"]
[WhiteEngine "Stockfish SL 07012018 POPCNT_CTG"]
[BlackEngine "Raubfisch X37b1._CTG"]
[EventType "Swiss"]
[WhiteTeam ""]
[BlackTeam ""]
[PlyCount "237"]
[TimeControl "720+1"]

1. d4 d5 2. c4 e6 3. Nf3 Nf6 4. Nc3 c6 5. e3 Nbd7 6. Bd3 dxc4 7. Bxc4 b5 
8. Be2 Bb7 9. O-O Be7 10. a3 O-O 11. e4 c5 12. e5 Ne4 13. Nxb5 a6 14. Nc3 a5 
15. Bd3 Nxc3 16. bxc3 cxd4 17. cxd4 Nb6 18. Rb1 Rc8 19. Ne1 Bd5 20. Qg4 g6 
21. Bh6 Re8 22. Nf3 Bc4 23. Bxc4 Rxc4 24. Ra1 Nd5 25. h4 Qd7 26. h5 Ra4 
27. hxg6 fxg6 28. Bc1 Nc3 29. Kh2 Rf8 30. Bd2 Ne2 31. Be3 Nc3 32. Rfc1 Nd5 
33. Bh6 Rf5 34. Kg1 Rxa3 35. Rab1 Bb4 36. Ng5 Rc3 37. Ne4 Rxc1+ 38. Rxc1 a4 
39. Qe2 Bf8 40. Bd2 h6 41. Qa6 Rf7 42. Ra1 Kg7 43. Qxa4 Qxa4 44. Rxa4 Rb7 
45. Ra6 Kf7 46. Kf1 g5 47. Ke2 Be7 48. g4 Rb3 49. Ra8 Rh3 50. Nd6+ Kg7 
51. Ra6 Rb3 52. Rc6 Kf8 53. Rc8+ Kg7 54. Rc6 Kg8 55. Ne4 Rb2 56. Kd3 Kf7 
57. Ra6 Rb7 58. Kc4 Nb6+ 59. Kc3 Nd5+ 60. Kc4 Nb6+ 61. Kd3 Nd5 62. Ra1 Kg6 
63. Ra4 Rb3+ 64. Kc4 Rb2 65. Ra7 Kf7 66. Kd3 Kg6 67. Ra6 Kf7 68. Nd6+ Bxd6 
69. exd6 Rb7 70. Kc4 Ke8 71. Kc5 Rb8 72. Ra7 Rc8+ 73. Kb5 Rd8 74. Kc6 Rc8+ 
75. Kb5 Rb8+ 76. Kc6 Rc8+ 77. Rc7 Ra8 78. Rh7 Ra6+ 79. Kc5 Ra2 80. d7+ Kd8 
81. Kc6 Ne7+ 82. Kd6 Ra6+ 83. Ke5 Nc6+ 84. Ke4 Ra4 85. Be3 Ra2 86. Rxh6 Kxd7 
87. Rh7+ Ke8 88. Rc7 Ne7 89. Ke5 Ra6 90. Bxg5 Nc6+ 91. Ke4 Nb4 92. Rb7 Nd5 
93. Ke5 Kf8 94. f3 Rc6 95. Bf6 Ra6 96. g5 Ra5 97. g6 Ne7+ 98. Kxe6 Ra6+ 
99. Ke5 Ra5+ 100. d5 Nxg6+ 101. Kf5 Nf4 102. Kxf4 Rxd5 103. Ke4 Rd2 104. Be5 Ke8 
105. f4 Kd8 106. f5 Re2+ 107. Kd5 Kc8 108. Ra7 Rd2+ 109. Ke6 Rd1 110. Re7 Rf1 
111. f6 Rf2 112. f7 Rf1 113. Rc7+ Kb8 114. Rc1+ Ka7 115. Rxf1 Kb6 116. Rb1+ Kc5 
117. f8=Q+ Kc4 118. Qf1+ Kc5 119. Qc1# 1-0

[Event "Sunday 14 January Rapid Engine Tour 12+1 Rounds 9 Starts 1600 ST"]
[Site "Infinity Chess"]
[Date "2018.1.14"]
[Round "2"]
[White "OlivierEvan"]
[Black "miguello"]
[Result "1/2-1/2"]
[ECO "E10"]
[WhiteElo "2391"]
[BlackElo "2416"]
[WhiteEngine "Houdini 6"]
[BlackEngine "stockfish_18011309_x64_modern_CTG"]
[EventType "Swiss"]
[WhiteTeam ""]
[BlackTeam ""]
[PlyCount "91"]
[TimeControl "720+1"]

1. d4 Nf6 2. c4 e6 3. Nf3 d5 4. Nc3 c6 5. Bg5 h6 6. Bxf6 Qxf6 7. e3 Nd7 
8. Be2 Bd6 9. O-O Qe7 10. e4 dxe4 11. Nxe4 Bc7 12. Re1 O-O 13. Bd3 Rd8 
14. Qe2 c5 15. d5 exd5 16. cxd5 Bd6 17. Bc2 Nf6 18. Nfd2 Qe5 19. g3 Nxe4 
20. Nxe4 Bf8 21. d6 Qxb2 22. Nxc5 Qd4 23. Ne4 Be6 24. Rad1 Qc4 25. Qd2 Qxa2 
26. Qd3 g6 27. Bb1 Qb3 28. Qe2 Rac8 29. Nf6+ Kh8 30. Bxg6 Qc3 31. d7 Rc7 
32. Nh5 Rdxd7 33. Bb1 Rxd1 34. Rxd1 Rd7 35. Rf1 Re7 36. Qe4 f5 37. Qf4 a5 
38. Rd1 Rd7 39. Rxd7 Bxd7 40. h4 Bc6 41. Kh2 Qc5 42. Bxf5 Qd6 43. Qc4 Qc5 
44. Qf4 Qd6 45. Qc4 Qc5 46. Qf4 1/2-1/2

[Event "Sunday 14 January Rapid Engine Tour 12+1 Rounds 9 Starts 1600 ST"]
[Site "Infinity Chess"]
[Date "2018.1.14"]
[Round "2"]
[White "beka"]
[Black "ocirema"]
[Result "1/2-1/2"]
[ECO "E10"]
[WhiteElo "2433"]
[BlackElo "2421"]
[WhiteEngine "stockfish_18011309_x64_CTG"]
[BlackEngine "stockfish_18011309_x64_modern_CTG"]
[EventType "Swiss"]
[WhiteTeam ""]
[BlackTeam ""]
[PlyCount "84"]
[TimeControl "720+1"]

1. d4 Nf6 2. c4 e6 3. Nf3 d5 4. Nc3 Be7 5. Bf4 O-O 6. e3 Nbd7 7. a3 c5 
8. cxd5 Nxd5 9. Nxd5 exd5 10. dxc5 Nxc5 11. Be5 Bf5 12. Be2 Bf6 13. Rc1 Bxe5 
14. Nxe5 Rc8 15. O-O Qf6 16. b4 Qxe5 17. bxc5 Rc7 18. Qd4 Qxd4 19. exd4 g6 
20. f3 b6 21. g4 Be6 22. a4 Bd7 23. Bb5 Rfc8 24. Bxd7 Rxd7 25. cxb6 Rxc1 
26. Rxc1 axb6 27. Rc8+ Kg7 28. Ra8 Rc7 29. a5 bxa5 30. Rxa5 Rc2 31. Rxd5 Rd2 
32. h4 Kf6 33. h5 gxh5 34. Rxh5 Rxd4 35. Rxh7 Rd5 36. Rh3 Kg6 37. f4 Rd2 
38. Rf3 f6 39. Rf2 Rxf2 40. Kxf2 Kf7 41. f5 Kf8 42. Ke3 Ke7 1/2-1/2

[Event "Sunday 14 January Rapid Engine Tour 12+1 Rounds 9 Starts 1600 ST"]
[Site "Infinity Chess"]
[Date "2018.1.14"]
[Round "2"]
[White "Thinker"]
[Black "RonWeasley"]
[Result "1/2-1/2"]
[ECO "C11"]
[WhiteElo "2451"]
[BlackElo "2443"]
[WhiteEngine "BrainFish_180106_x64_modern_CTG"]
[BlackEngine "BrainFish 060118_CTG"]
[EventType "Swiss"]
[WhiteTeam ""]
[BlackTeam ""]
[PlyCount "118"]
[TimeControl "720+1"]

1. e4 e6 2. d4 d5 3. Nc3 Nf6 4. e5 Nfd7 5. f4 c5 6. Nf3 Nc6 7. Be3 cxd4 
8. Nxd4 Qb6 9. Qd2 Qxb2 10. Rb1 Qa3 11. Bb5 Nxd4 12. Bxd4 a6 13. Bxd7+ Bxd7 
14. Rb3 Qe7 15. Rxb7 Rc8 16. O-O Qd8 17. Qf2 Rxc3 18. Bxc3 Qc8 19. Rb3 Ba4 
20. Bd4 Bxb3 21. axb3 Be7 22. c3 O-O 23. b4 Qc6 24. Ra1 Bd8 25. h4 Bc7 26. h5 h6 
27. g4 a5 28. g5 axb4 29. gxh6 gxh6 30. Kh1 Kh8 31. Rg1 Rg8 32. Rxg8+ Kxg8 
33. Qg1+ Kf8 34. Bc5+ Ke8 35. Qg8+ Kd7 36. Qxf7+ Kc8 37. cxb4 d4+ 38. Kh2 d3 
39. Qg8+ Kb7 40. Be3 Qc4 41. b5 Qxb5 42. Qxe6 d2 43. Bxd2 Qe2+ 44. Kg3 Qxd2 
45. Qxh6 Qe3+ 46. Kg4 Bxe5 47. Qf8 Bc7 48. h6 Qe4 49. Kg5 Qg2+ 50. Kf6 Qg3 
51. f5 Qh4+ 52. Kg6 Bf4 53. f6 Qg5+ 54. Kh7 Qf5+ 55. Kg7 Kb6 56. Qb4+ Ka6 
57. Qd4 Qg5+ 58. Kf8 Qxh6+ 59. Ke7 Bb8 1/2-1/2

[Event "Sunday 14 January Rapid Engine Tour 12+1 Rounds 9 Starts 1600 ST"]
[Site "Infinity Chess"]
[Date "2018.1.14"]
[Round "2"]
[White "incredible"]
[Black "angriff"]
[Result "1/2-1/2"]
[ECO "A40"]
[WhiteElo "2453"]
[BlackElo "2450"]
[WhiteEngine "Stockfish_x64_bmi2"]
[BlackEngine "SF_64BIT_POPCNT_CTG"]
[EventType "Swiss"]
[WhiteTeam ""]
[BlackTeam ""]
[PlyCount "102"]
[TimeControl "720+1"]

1. d4 c6 2. Nf3 Nf6 3. c4 d5 4. Nc3 e6 5. Bg5 h6 6. Bxf6 Qxf6 7. e3 g6 
8. Bd3 dxc4 9. Bxc4 Bg7 10. e4 O-O 11. e5 Qe7 12. O-O Nd7 13. Rc1 c5 
14. Re1 cxd4 15. Qxd4 Nb6 16. Ne4 Bd7 17. Nf6+ Kh8 18. Qe3 Rac8 19. Bb3 Rxc1 
20. Rxc1 Bc6 21. Nd4 Rc8 22. Nxc6 Rxc6 23. Rd1 Bxf6 24. exf6 Qxf6 25. Qxh6+ Kg8 
26. h4 Rc5 27. g3 Nd5 28. Qd2 Qe7 29. Kg2 b6 30. Qd4 Qc7 31. a3 a5 32. Rd2 b5 
33. Rd1 a4 34. Ba2 Qc6 35. Bxd5 Rxd5 36. Qe4 Kg7 37. Rxd5 exd5 38. Qd4+ Kh7 
39. Kf3 Kg8 40. Qc3 Qe6 41. Qd4 Qe7 42. h5 gxh5 43. Qxd5 Qf6+ 44. Ke2 Qxb2+ 
45. Kf1 b4 46. axb4 Qxb4 47. Qg5+ Kf8 48. Qd8+ Kg7 49. Qg5+ Kf8 50. Qd8+ Kg7 
51. Qg5+ Kf8 1/2-1/2

[Event "Sunday 14 January Rapid Engine Tour 12+1 Rounds 9 Starts 1600 ST"]
[Site "Infinity Chess"]
[Date "2018.1.14"]
[Round "2"]
[White "Neoxium"]
[Black "Susanne"]
[Result "1/2-1/2"]
[ECO "B20"]
[WhiteElo "2464"]
[BlackElo "2473"]
[WhiteEngine "SF SL FA-IDeA"]
[BlackEngine "asmFishW_20_bmi2_CTG"]
[EventType "Swiss"]
[WhiteTeam ""]
[BlackTeam ""]
[PlyCount "138"]
[TimeControl "720+1"]

1. e4 c5 2. c4 Nc6 3. Ne2 Nf6 4. Nbc3 e6 5. g3 d5 6. cxd5 exd5 7. exd5 Nxd5 
8. Bg2 Ndb4 9. O-O Bf5 10. d3 Qxd3 11. Qa4 Qa6 12. Qxa6 Nxa6 13. Rd1 Be7 
14. Nd5 O-O-O 15. Bf4 Rhe8 16. Nec3 Nd4 17. Be5 Bf8 18. Bxd4 cxd4 19. Rxd4 Kb8 
20. Rad1 g6 21. Ne3 Rxd4 22. Rxd4 Be6 23. Rd2 Bg7 24. Ncd5 Rd8 25. b3 Nc7 
26. Kf1 Nb5 27. Ke2 Bc8 28. Ke1 h6 29. Rd1 Nd4 30. Kf1 g5 31. Ne7 Bd7 
32. Be4 Bh3+ 33. Bg2 Bd7 34. Be4 Bf6 35. N7d5 Bh8 36. f4 gxf4 37. gxf4 Nc6 
38. Rd3 Re8 39. Bf5 Be6 40. Be4 Nd4 41. Nc4 a6 42. Kf2 Rd8 43. Nc3 f5 
44. Bg2 Bf6 45. Ne3 Rd7 46. Ne2 Bh4+ 47. Ng3 Be7 48. Bd5 Bxd5 49. Rxd4 Bc5 
50. Rd1 Bc6 51. Rxd7 Bxd7 52. h4 Kc7 53. b4 Bd6 54. Ngxf5 Bxf5 55. Nxf5 Bxf4 
56. a4 Kc6 57. Kf3 Bd2 58. Ke4 h5 59. b5+ axb5 60. axb5+ Kxb5 61. Ng7 Kc4 
62. Nxh5 b5 63. Ng7 b4 64. Ne8 b3 65. Nd6+ Kc3 66. Nb5+ Kb4 67. Kd3 b2 
68. Kc2 b1=Q+ 69. Kxb1 Kxb5 1/2-1/2